[Event "Titled Tuesday Blitz July 6 2021"]
[White "Bilych, Olexiy"]
[Black "Quparadze, Giga"]
[WhiteFideId "14156504"]
[BlackFideId "13602250"]
[WhiteElo "2246"]
[BlackElo "2658"]
[Result "0-1"]
[Round "08"]
[TimeControl "180+1"]
[Date "2021.07.06"]
[WhiteClock "0:00:07"]
[BlackClock "0:01:25"]

1. e4 c5 2. Nf3 e6 3. d4 cxd4 4. Nxd4 a6 5. Nc3 b5 6. Bd3 Qb6 7. Nb3 Qc7 8. O-O Nc6 9. Re1 Bd6 10. h3 Nge7 11. Be3 O-O 12. Rf1 Bh2+ 13. Kh1 Bf4 14. Bxf4 Qxf4 15. Ne2 Qc7 16. f4 d5 17. e5 f6 18. exf6 Rxf6 19. a4 b4 20. Qd2 a5 21. Ned4 Nxd4 22. Nxd4 Bd7 23. b3 Raf8 24. Rae1 Nc6 25. Nxc6 Bxc6 26. Qe3 Bd7 27. Qe5 Qxe5 28. fxe5 Rxf1+ 29. Bxf1 Be8 30. Bd3 Bg6 31. Bxg6 hxg6 32. Kg1 Rc8 33. Re2 Rc3 34. Kf2 g5 35. Ke1 Kh7 36. Kd2 Kg6 37. Rf2 Rg3 38. Ke2 g4 39. h4 Kh5 40. Kd2 Kxh4 41. Re2 Kg5 42. Rf2 Kg6 43. Ke2 d4 44. Kd2 Kg5 45. Rf7 Re3 46. Rxg7+ Kf5 47. Ra7 Rxe5 48. Kd3 Kf4 49. Kxd4 Rd5+ 50. Kc4 Kg3 51. Rg7 Rf5 52. Rg6 e5 53. c3 Rf4+ 54. Kd3 e4+ 55. Kd4 Kxg2 56. cxb4 e3+ 57. Kxe3 Rxb4 58. Kd2 g3 59. Kc3 Kf3 60. Rf6+ Rf4 0-1


[Site "https://www.chess.com"]

[Event "Titled Tuesday Blitz July 6 2021"]
[White "Bryant, Jehron"]
[Black "Karttunen, Mika"]
[WhiteFideId "2044455"]
[BlackFideId "502081"]
[WhiteElo "2406"]
[BlackElo "2343"]
[Result "0-1"]
[Round "08"]
[TimeControl "180+1"]
[Date "2021.07.06"]
[WhiteClock "0:00:18"]
[BlackClock "0:00:03"]

1. e4 c5 2. Nf3 d6 3. d4 cxd4 4. Nxd4 Nf6 5. Nc3 a6 6. Be2 e5 7. Nb3 Be7 8. Be3 Be6 9. a4 Nbd7 10. a5 O-O 11. O-O Rc8 12. Qd3 Qc7 13. Rfc1 Nc5 14. Nxc5 dxc5 15. Nd5 Nxd5 16. exd5 Bd7 17. d6 Qxd6 18. Qxd6 Bxd6 19. Rd1 Rc6 20. Bf3 Rfc8 21. Bxc6 Rxc6 22. Rd2 Be8 23. Rad1 Be7 24. Rd5 f6 25. c3 Kf7 26. f3 Ke6 27. Kf1 Rc8 28. R5d2 Ba4 29. Ra1 Bb5+ 30. Kf2 f5 31. g3 g5 32. Re1 Kf7 33. Kg1 f4 34. Bf2 Ke6 35. b3 Bc6 36. Rde2 Bd6 37. Kg2 Kf6 38. c4 g4 39. Kg1 gxf3 40. Rd2 Ke6 41. gxf4 e4 42. Bg3 Be7 43. Kf2 h5 44. h4 Rg8 45. Rg1 Kf5 46. Kf1 e3 47. Rd3 e2+ 48. Kf2 Bf6 49. Rxf3 Bd4+ 50. Re3 Re8 51. Kxe2 Rxe3+ 52. Kd2 Rxb3 53. Rg2 Bxg2 54. Kc2 Ra3 55. Be1 Be4+ 56. Kd1 Ra2 57. Bd2 Bd3 58. Bc1 Re2 59. Bd2 Ke4 60. Kc1 Rf2 61. f5 Rxf5 62. Bg5 Rf1+ 63. Kd2 Rf2+ 64. Kd1 Bc3 65. Bd2 Rxd2+ 66. Kc1 Rc2+ 0-1


[Site "https://www.chess.com"]

[Event "Titled Tuesday Blitz July 6 2021"]
[White "Chen, Max"]
[Black "Julianos82"]
[WhiteFideId "2622440"]
[WhiteElo "2483"]
[BlackElo "2362"]
[Result "1-0"]
[Round "08"]
[TimeControl "180+1"]
[Date "2021.07.06"]
[WhiteClock "0:00:16"]
[BlackClock "0:00:14"]

1. e4 c5 2. c3 d6 3. d4 Nf6 4. Bd3 Nc6 5. Nf3 Bg4 6. d5 Ne5 7. Nxe5 dxe5 8. f3 Bd7 9. O-O e6 10. c4 exd5 11. cxd5 Be7 12. a4 O-O 13. Be3 b6 14. Be2 Ne8 15. Nd2 Nd6 16. b3 Bg5 17. Bf2 Bxd2 18. Qxd2 a5 19. Bd3 h6 20. f4 Qe7 21. fxe5 Qxe5 22. Qe2 Rae8 23. Rae1 f5 24. exf5 Qxe2 25. Rxe2 Rxe2 26. Bxe2 Nxf5 27. Re1 Re8 28. Bc4 Rxe1+ 29. Bxe1 Kf7 30. Kf2 Nd6 31. Bd3 Bf5 32. Ke3 Bd7 33. Bg3 Ke7 34. Kf3 Nf5 35. Be5 g5 36. Bc4 h5 37. Bc7 Nd6 38. Bxb6 Nxc4 39. bxc4 Bxa4 40. Bxc5+ Kf6 41. Ke4 Bb3 42. Kd4 h4 43. Ba3 g4 44. g3 hxg3 45. hxg3 a4 46. c5 Ke7 47. c6+ Kd8 48. Kc5 Bc2 49. d6 Bf5 50. Kb5 Bc2 51. Bb4 Bf5 52. Kxa4 Kc8 53. Kb5 Be6 54. Kc5 Bf5 55. Ba5 Be6 56. Kd4 Bf5 57. Ke5 Bd7 58. cxd7+ Kxd7 59. Kd5 1-0


[Site "https://www.chess.com"]

[Event "Titled Tuesday Blitz July 6 2021"]
[White "Costachi, Mihnea"]
[Black "Tokman, Ariel"]
[WhiteFideId "1217518"]
[BlackFideId "117420"]
[WhiteElo "2482"]
[BlackElo "2345"]
[Result "1-0"]
[Round "08"]
[TimeControl "180+1"]
[Date "2021.07.06"]
[WhiteClock "0:02:27"]
[BlackClock "0:00:07"]

1. e4 d6 2. d4 Nf6 3. Nc3 Nbd7 4. Nf3 e5 5. Bc4 Be7 6. O-O O-O 7. h3 a6 8. a3 b5 9. Ba2 Bb7 10. Qe2 c6 11. Bg5 Qc7 12. Rad1 Rad8 13. Nh4 exd4 14. Nf5 Ne5 15. Rxd4 c5 16. Rd2 h6 17. Bh4 Rfe8 18. Rfd1 Ng6 19. Bxf6 Bxf6 20. Nxd6 Rf8 21. Nxf7 Rxd2 22. Nxh6+ Kh7 23. Qxd2 Bd4 24. Nf5 Be5 25. Qg5 1-0


[Site "https://www.chess.com"]

[Event "Titled Tuesday Blitz July 6 2021"]
[White "Cunjalo, Faris"]
[Black "Ciorgovean, Iustin"]
[WhiteFideId "14410710"]
[BlackFideId "1242911"]
[WhiteElo "2234"]
[BlackElo "2075"]
[Result "1-0"]
[Round "08"]
[TimeControl "180+1"]
[Date "2021.07.06"]
[WhiteClock "0:00:21"]
[BlackClock "0:00:39"]

1. d4 Nf6 2. c4 g6 3. Nc3 Bg7 4. e4 O-O 5. Be2 d6 6. Bg5 a6 7. Nf3 Bg4 8. O-O Nfd7 9. Be3 Nc6 10. d5 Bxf3 11. Bxf3 Na5 12. Be2 Bxc3 13. bxc3 e5 14. dxe6 fxe6 15. f4 Qe7 16. Qd3 b6 17. Bf3 Rad8 18. Rae1 e5 19. f5 Qf7 20. Bh6 Qxc4 21. Qxc4+ Nxc4 22. Bxf8 Rxf8 23. fxg6 hxg6 24. Be2 Rxf1+ 25. Bxf1 Na5 26. Bxa6 Nc5 27. Bb5 Kg7 28. Kf2 Nab7 29. Ke3 Nd8 30. g3 Nde6 31. h4 Nd8 32. Bc4 Nc6 33. Bd5 Ne7 34. Rf1 Nxd5+ 35. exd5 Na4 36. Kd3 Nb2+ 37. Ke4 Na4 38. c4 Nc3+ 39. Kd3 Na4 40. g4 Kg8 41. h5 Kg7 42. hxg6 Kxg6 43. Rf8 Nb2+ 44. Kc3 Nd1+ 45. Kc2 Ne3+ 46. Kd3 Nxg4 47. Rc8 Nf2+ 48. Ke2 Ne4 49. Rxc7 Nc3+ 50. Kd2 Nxa2 51. Rc6 Kf5 52. Rxb6 Ke4 53. Rb2 Kd4 54. Rxa2 Kxc4 55. Ra5 Kd4 56. Ke2 Ke4 57. Ra4+ Kxd5 58. Kd3 Kc5 59. Ra5+ Kb6 60. Rd5 Kc6 61. Ke4 Kd7 62. Rd2 Ke6 63. Rd1 Kf6 64. Kd5 Kf5 65. Rf1+ Kg4 66. Kxd6 e4 67. Kd5 e3 68. Kd4 e2 69. Re1 Kf3 70. Kd3 1-0


[Site "https://www.chess.com"]

[Event "Titled Tuesday Blitz July 6 2021"]
[White "Daianu, Cristian-Clement"]
[Black "Sawlin, Leonid"]
[WhiteFideId "1208926"]
[BlackFideId "4689542"]
[WhiteElo "2133"]
[BlackElo "2412"]
[Result "0-1"]
[Round "08"]
[TimeControl "180+1"]
[Date "2021.07.06"]
[WhiteClock "0:00:17"]
[BlackClock "0:01:04"]

1. e4 e6 2. d4 d5 3. Nd2 Nf6 4. e5 Nfd7 5. Bd3 c5 6. c3 Nc6 7. Ngf3 Be7 8. O-O Qb6 9. a4 cxd4 10. a5 Nxa5 11. cxd4 Nc6 12. Nb3 h6 13. Bb1 g5 14. Be3 g4 15. Ne1 h5 16. f3 Ndxe5 17. fxg4 Nxg4 18. Qf3 Nxe3 19. Qxe3 e5 20. Nf3 e4 21. Nfd2 Be6 22. Kh1 h4 23. h3 O-O-O 24. Nc5 Bxc5 25. dxc5 Qc7 26. b4 a6 27. Nb3 Nxb4 28. Qc3 Nc6 29. Nd4 Qe5 30. Ra4 Bd7 31. Rd1 Rhg8 32. Qd2 Qg3 33. Ne2 Qxg2# 0-1


[Site "https://www.chess.com"]

[Event "Titled Tuesday Blitz July 6 2021"]
[White "Deepan Chakkravarthy J."]
[Black "Matinian, Nikita"]
[WhiteFideId "5011132"]
[BlackFideId "24129100"]
[WhiteElo "2490"]
[BlackElo "2410"]
[Result "1/2-1/2"]
[Round "08"]
[TimeControl "180+1"]
[Date "2021.07.06"]
[WhiteClock "0:00:09"]
[BlackClock "0:00:04"]

1. e4 e5 2. Nf3 Nc6 3. Bc4 Nf6 4. d3 h6 5. O-O d6 6. Re1 g5 7. c3 g4 8. Nfd2 h5 9. Nf1 Be6 10. Bxe6 fxe6 11. d4 Qd7 12. b4 exd4 13. b5 Ne7 14. cxd4 Qxb5 15. Nc3 Qd7 16. Rb1 b6 17. Qc2 Bg7 18. a4 O-O 19. Bg5 Rf7 20. Ng3 Raf8 21. Re2 Nh7 22. Be3 h4 23. Nh5 h3 24. g3 Rf3 25. Nf4 e5 26. dxe5 Bxe5 27. Ncd5 Nxd5 28. exd5 Qf5 29. Qxf5 Rxf5 30. Ne6 Nf6 31. Nxc7 Kf7 32. Rd1 Bc3 33. Nb5 Bb4 34. Nd4 Nxd5 35. Nxf5 Rxf5 36. Bd2 Bc5 37. Be1 Nf6 38. a5 d5 39. a6 Ne4 40. Kf1 Ng5 41. Kg1 Nf3+ 42. Kh1 d4 43. Re4 Ne5 44. Rf4 Ke6 45. Rxf5 Kxf5 46. Bd2 Nf3 47. Bf4 Ke4 48. Rb1 d3 49. Bb8 b5 50. Rxb5 d2 51. Rb1 Bxf2 52. Bf4 Be3 53. Bb8 Kd3 54. Ra1 Ke2 55. Rb1 Ne5 56. Bxe5 d1=Q+ 57. Rxd1 Kxd1 58. Bd4 Ke2 59. Bxa7 Bxa7 1/2-1/2


[Site "https://www.chess.com"]

[Event "Titled Tuesday Blitz July 6 2021"]
[White "Devaev, Alexander"]
[Black "Khalafova, Narmin"]
[WhiteFideId "4169395"]
[BlackFideId "13402625"]
[WhiteElo "2185"]
[BlackElo "2109"]
[Result "0-1"]
[Round "08"]
[TimeControl "180+1"]
[Date "2021.07.06"]
[WhiteClock "0:00:04"]
[BlackClock "0:00:17"]

1. d4 d5 2. c4 c6 3. cxd5 cxd5 4. Nc3 Nf6 5. Bf4 Nc6 6. e3 a6 7. Bd3 Bg4 8. f3 Bd7 9. Nge2 e6 10. O-O Be7 11. Rc1 O-O 12. Na4 Re8 13. Bg5 h6 14. Bh4 Nh5 15. Bxe7 Qxe7 16. Nc5 Rab8 17. Bb1 e5 18. Ng3 Nxg3 19. hxg3 Red8 20. Re1 Qg5 21. Kf2 exd4 22. exd4 Bf5 23. Bxf5 Qxf5 24. Qd2 Rd6 25. Rc3 Qf6 26. Rd3 a5 27. a3 b6 28. Nb3 a4 29. Na1 Na5 30. Qf4 Qd8 31. b3 axb3 32. Nxb3 Nc4 33. a4 Ra8 34. Ra1 Re6 35. Nd2 Qe8 36. Nxc4 Re2+ 37. Kg1 dxc4 38. Rc3 Re1+ 39. Rxe1 Qxe1+ 40. Kh2 Qxc3 0-1


[Site "https://www.chess.com"]

[Event "Titled Tuesday Blitz July 6 2021"]
[White "Dobrov, Vladimir"]
[Black "Samunenkov, Ihor"]
[WhiteFideId "4136594"]
[BlackFideId "14187086"]
[WhiteElo "2614"]
[BlackElo "2281"]
[Result "1-0"]
[Round "08"]
[TimeControl "180+1"]
[Date "2021.07.06"]
[WhiteClock "0:00:28"]
[BlackClock "0:00:09"]

1. d4 Nf6 2. c4 e6 3. Nf3 b6 4. Nc3 Bb7 5. a3 Ne4 6. Nxe4 Bxe4 7. Bf4 Be7 8. e3 O-O 9. Bd3 d5 10. O-O Nd7 11. cxd5 exd5 12. Rc1 c5 13. Ba6 c4 14. Re1 b5 15. Bxb5 Rc8 16. Nd2 Nf6 17. Nxe4 Nxe4 18. Ba4 Qb6 19. f3 Ng5 20. Qd2 Ne6 21. Bg3 Bg5 22. h4 Bh6 23. Kh2 f5 24. Be5 f4 25. e4 Rcd8 26. exd5 Rxd5 27. Rxc4 Rfd8 28. Qc3 Nxd4 29. Rxd4 Rxd4 30. Bb3+ Kf8 31. Bxd4 Qxd4 32. Qc7 Qd7 33. Qc5+ Qd6 34. Qc4 1-0


[Site "https://www.chess.com"]

[Event "Titled Tuesday Blitz July 6 2021"]
[White "Elgersma, Onno"]
[Black "Tanenbaum, Zachary"]
[WhiteFideId "1053531"]
[BlackFideId "2060850"]
[WhiteElo "2492"]
[BlackElo "2165"]
[Result "1-0"]
[Round "08"]
[TimeControl "180+1"]
[Date "2021.07.06"]
[WhiteClock "0:00:12"]
[BlackClock "0:00:02"]

1. d4 d5 2. Nf3 Nf6 3. g3 Bf5 4. Bg2 e6 5. O-O c6 6. c4 Nbd7 7. Nc3 Be7 8. Nd2 O-O 9. e4 dxe4 10. Ndxe4 Nxe4 11. Nxe4 Nf6 12. Nc3 Qd7 13. Be3 Rfd8 14. Qb3 Ng4 15. Rad1 Nxe3 16. fxe3 Bg6 17. e4 e5 18. d5 Bc5+ 19. Kh1 Bh5 20. Bf3 Bxf3+ 21. Rxf3 Rab8 22. dxc6 Qxc6 23. Nd5 Rd7 24. Rdf1 Rbd8 25. a4 a5 26. Qb5 f6 27. Kg2 Bd4 28. b3 h5 29. Qxa5 h4 30. gxh4 Qe6 31. Rg3 Kh8 32. Qd2 Bc5 33. Qe2 Qe8 34. Qg4 Kh7 35. h5 Qf7 36. Qf5+ Kh8 37. h6 gxh6 38. Qxf6+ Qxf6 39. Rxf6 Rg7 40. Rxh6+ Kg8 41. Rhg6 Rxg6 42. Rxg6+ Kf7 43. Rg3 Bd4 44. h4 Rh8 45. Kh3 b6 46. Rf3+ Ke8 47. Kg4 Rg8+ 48. Kh5 Rh8+ 49. Kg4 Rg8+ 50. Kh3 Rh8 51. Rf5 Kd7 52. h5 Kc6 53. Kg4 Kc5 54. Rf6 Bg1 55. h6 Kd4 56. Kh5 Kxe4 57. Rf7 Kd3 58. h7 e4 59. Kg6 Bd4 60. Rg7 e3 61. Rg8 e2 62. Nf4+ Kd2 63. Nxe2 Kxe2 64. Rxh8 Bxh8 65. a5 bxa5 66. c5 Kd3 67. c6 Be5 68. c7 Bxc7 69. h8=Q Bb6 70. Qc8 Bd4 71. Qc4+ Ke3 72. Kf5 Bb2 73. Ke6 Ba3 74. Kd5 Bb4 75. Qe4+ Kd2 76. Kc4 Kc1 77. Qe2 Kb1 78. Kd3 Ka1 79. Qc2 Ba3 80. Kd2 Bb4+ 81. Kd1 Ba3 82. Qc4 Bb4 83. Kc2 Ka2 84. Qd4 Ba3 85. Qa4 Ka1 86. Qxa3# 1-0


[Site "https://www.chess.com"]

[Event "Titled Tuesday Blitz July 6 2021"]
[White "Erdogdu, Mert"]
[Black "Harshavardhan G B"]
[WhiteFideId "6301495"]
[BlackFideId "25059009"]
[WhiteElo "2485"]
[BlackElo "1825"]
[Result "1-0"]
[Round "08"]
[TimeControl "180+1"]
[Date "2021.07.06"]
[WhiteClock "0:00:08"]
[BlackClock "0:00:06"]

1. e4 e5 2. Nf3 Nc6 3. Bc4 Nf6 4. d3 h6 5. O-O d6 6. c3 g5 7. a4 g4 8. Nfd2 Bg7 9. Na3 h5 10. Nc2 Be6 11. Ne3 Qd7 12. a5 a6 13. f4 exf4 14. Rxf4 Ne5 15. Qf1 Bh6 16. Bxe6 fxe6 17. Rxf6 Bxe3+ 18. Kh1 O-O-O 19. d4 Nc6 20. Nc4 Bxc1 21. Rxc1 Qe7 22. Rc2 d5 23. exd5 exd5 24. Re2 Qg7 25. Qf5+ Kb8 26. Ne5 Nxa5 27. Rf7 Qh6 28. g3 h4 29. gxh4 Qc1+ 30. Kg2 Rxh4 31. Nd7+ Ka7 32. Nf8 Rd6 33. Ng6 Rh6 34. Ne7 Rxh2+ 35. Kxh2 Rh6+ 36. Kg3 Qg1+ 37. Kf4 g3 38. Nc8+ Kb8 39. Rf8 b5 40. Nd6+ Ka7 41. Ra8+ Kb6 42. Rxa6+ Kxa6 43. Qc8+ Kb6 44. Qb8+ Kc6 45. Qxb5+ Kxd6 46. Qc5+ 1-0


[Site "https://www.chess.com"]

[Event "Titled Tuesday Blitz July 6 2021"]
[White "Eternauta2400"]
[Black "Kekic, Armin"]
[BlackFideId "14401274"]
[WhiteElo "2484"]
[BlackElo "2372"]
[Result "1-0"]
[Round "08"]
[TimeControl "180+1"]
[Date "2021.07.06"]
[WhiteClock "0:01:21"]
[BlackClock "0:00:11"]

1. d4 d6 2. e4 e5 3. Ne2 Nc6 4. Nbc3 Nf6 5. h3 Be7 6. g4 exd4 7. Nxd4 Nxd4 8. Qxd4 Be6 9. Bg2 O-O 10. O-O Nd7 11. f4 Bf6 12. Qd3 Nc5 13. Qg3 Bc4 14. Re1 Re8 15. g5 Bd4+ 16. Kh2 g6 17. b3 Be6 18. Bb2 Bd7 19. Rad1 Bg7 20. e5 dxe5 21. f5 Qc8 22. f6 Bf8 23. Nd5 Bc6 24. Ne7+ Bxe7 25. fxe7 Rxe7 26. Bxc6 bxc6 27. Rxe5 Ne6 28. Qc3 f6 29. gxf6 Rf7 30. Rde1 Nf8 31. Re7 Qf5 32. Rxf7 Qf4+ 33. Kh1 1-0


[Site "https://www.chess.com"]

[Event "Titled Tuesday Blitz July 6 2021"]
[White "Gabrielian, Artur"]
[Black "Salem, A.R. Saleh"]
[WhiteFideId "4131002"]
[BlackFideId "9301348"]
[WhiteElo "2523"]
[BlackElo "2642"]
[Result "0-1"]
[Round "08"]
[TimeControl "180+1"]
[Date "2021.07.06"]
[WhiteClock "0:00:13"]
[BlackClock "0:00:27"]

1. e4 c5 2. Nc3 Nc6 3. Bb5 Nd4 4. Bc4 e6 5. Nf3 Nxf3+ 6. Qxf3 Ne7 7. d3 Nc6 8. Qg3 Nd4 9. O-O Nxc2 10. Nb5 d6 11. Bf4 e5 12. Bg5 f6 13. Rac1 Nb4 14. Bd2 a6 15. Nc3 g5 16. Nd5 Nxd5 17. Bxd5 a5 18. a3 a4 19. h4 h6 20. f4 exf4 21. Bxf4 gxf4 22. Rxf4 Kd7 23. d4 Kc7 24. dxc5 Kb8 25. Rf3 Rh7 26. b3 Rg7 27. Qf2 dxc5 28. Rxf6 Bd6 29. b4 Be5 30. Rf8 Qd6 31. Rxc5 Rc7 32. Qc2 Qxf8 0-1


[Site "https://www.chess.com"]

[Event "Titled Tuesday Blitz July 6 2021"]
[White "Gelman, Alexander"]
[Black "Siva Mahadevan"]
[WhiteFideId "4118316"]
[BlackFideId "25043153"]
[WhiteElo "2375"]
[BlackElo "2203"]
[Result "0-1"]
[Round "08"]
[TimeControl "180+1"]
[Date "2021.07.06"]
[WhiteClock "0:00:05"]
[BlackClock "0:00:06"]

1. d4 Nf6 2. Nc3 d5 3. Bf4 g6 4. e3 Bg7 5. h4 O-O 6. h5 c5 7. hxg6 hxg6 8. Qd2 Nc6 9. O-O-O Qa5 10. f3 Rd8 11. g4 c4 12. Qh2 Kf8 13. Bc7 Qa6 14. e4 b5 15. Kb1 b4 16. Nxd5 Rxd5 17. exd5 Nxd5 18. Ne2 Be6 19. Be5 f6 20. Nf4 Bf7 21. Nxd5 Bxd5 22. Bf4 Bxf3 23. Bh6 Bxh1 24. Qxh1 Rd8 25. b3 Na5 26. g5 f5 27. Bxg7+ Kxg7 28. Qh6+ Kg8 29. Be2 Qe6 30. Rh1 Kf7 31. Bf3 cxb3 32. axb3 Nxb3 33. Qh7+ Ke8 34. d5 Nd2+ 35. Kc1 Qd6 36. Kxd2 Kd7 37. Re1 Qf4+ 38. Re3 Qxg5 39. Ke2 Rc8 40. Kd3 Rc3+ 41. Kd2 Qxe3+ 42. Kd1 Qxf3+ 0-1


[Site "https://www.chess.com"]

[Event "Titled Tuesday Blitz July 6 2021"]
[White "Gontcharov, Vladislav"]
[Black "Rostovtsev, Dmitry"]
[WhiteFideId "4123492"]
[BlackFideId "34278320"]
[WhiteElo "2503"]
[BlackElo "2114"]
[Result "1-0"]
[Round "08"]
[TimeControl "180+1"]
[Date "2021.07.06"]
[WhiteClock "0:02:12"]
[BlackClock "0:01:21"]

1. e4 c5 2. Nf3 d6 3. d4 cxd4 4. Qxd4 Nc6 5. Bb5 Bd7 6. Bxc6 Bxc6 7. Nc3 Nf6 8. Bg5 e6 9. O-O-O Be7 10. Rhe1 Qc7 11. Kb1 a6 12. Qd2 Rc8 13. Nd4 O-O 14. f3 Rfd8 15. g4 b5 16. Nce2 b4 17. Ng3 a5 18. Nh5 a4 19. Bxf6 gxf6 20. Qh6 1-0


[Site "https://www.chess.com"]

[Event "Titled Tuesday Blitz July 6 2021"]
[White "Gracia Alvarez, Gerardo Antonio"]
[Black "Krivonosov, Oleg"]
[WhiteFideId "5109124"]
[BlackFideId "11600349"]
[WhiteElo "2148"]
[BlackElo "2469"]
[Result "0-1"]
[Round "08"]
[TimeControl "180+1"]
[Date "2021.07.06"]
[WhiteClock "0:01:17"]
[BlackClock "0:01:14"]

1. e4 e5 2. Nf3 Nc6 3. Bc4 Bc5 4. c3 Nf6 5. d4 exd4 6. b4 Bb6 7. e5 d5 8. exf6 dxc4 9. b5 Na5 10. Qe2+ Be6 11. fxg7 Rg8 12. cxd4 Rxg7 13. Nc3 Bxd4 14. Nxd4 Qxd4 15. Bb2 Rxg2 16. Ne4 Qd3 17. Ng3 O-O-O 18. Bf6 Re8 19. Rd1 Qxe2+ 20. Nxe2 Bg4 0-1


[Site "https://www.chess.com"]

[Event "Titled Tuesday Blitz July 6 2021"]
[White "Grebeniuk, Semen"]
[Black "Ezat, Mohamed"]
[WhiteFideId "14117509"]
[BlackFideId "10600906"]
[WhiteElo "2232"]
[BlackElo "2414"]
[Result "1-0"]
[Round "08"]
[TimeControl "180+1"]
[Date "2021.07.06"]
[WhiteClock "0:00:14"]
[BlackClock "0:00:13"]

1. d4 Nf6 2. Nf3 g6 3. Bg5 Ne4 4. Bf4 Bg7 5. c3 O-O 6. Nbd2 Nxd2 7. Qxd2 d6 8. e4 e5 9. dxe5 dxe5 10. Qxd8 Rxd8 11. Be3 Bg4 12. Nd2 c6 13. Bc4 Na6 14. f3 Bd7 15. Bxa6 bxa6 16. O-O-O Be6 17. Kc2 a5 18. a4 Rd7 19. Nb3 Bxb3+ 20. Kxb3 Rb7+ 21. Kc2 Rab8 22. Rb1 Bf8 23. Rhd1 f6 24. b3 Kf7 25. c4 Ke6 26. Rd3 h5 27. Rbd1 Be7 28. Bd2 Bc5 29. Bxa5 Bd4 30. b4 a6 31. c5 Rd7 32. Bb6 f5 33. Re1 fxe4 34. Rxe4 Kd5 35. Rd1 Kc4 36. Rxe5 Bxe5 37. Rxd7 Kxb4 38. a5 Bxh2 39. Rd4+ Ka3 40. Re4 Rc8 41. Kc3 g5 42. Kc4 Bf4 43. Re7 Ka4 44. Ra7 h4 45. Rxa6 Re8 46. Ra7 Re2 47. a6 Rxg2 48. Rh7 Rc2+ 49. Kd3 Kb5 50. Kxc2 Kxa6 51. Kd3 Kb5 52. Ke4 Kc4 53. Kf5 Kd3 54. Kg4 Ke3 55. Bd8 Kf2 56. Bxg5 Bxg5 57. Kxg5 h3 58. Rxh3 Kg2 59. Rh6 Kxf3 60. Rxc6 Ke4 61. Rd6 1-0


[Site "https://www.chess.com"]

[Event "Titled Tuesday Blitz July 6 2021"]
[White "Gunina, Valentina"]
[Black "Kotsur, Pavel"]
[WhiteFideId "4167570"]
[BlackFideId "13700278"]
[WhiteElo "2399"]
[BlackElo "2521"]
[Result "0-1"]
[Round "08"]
[TimeControl "180+1"]
[Date "2021.07.06"]
[WhiteClock "0:00:10"]
[BlackClock "0:00:07"]

1. d4 Nf6 2. c4 e6 3. Nf3 b6 4. g3 Bb7 5. Bg2 Bb4+ 6. Bd2 Be7 7. O-O O-O 8. Nc3 c6 9. e4 d5 10. e5 Ne4 11. Re1 Nxc3 12. Bxc3 dxc4 13. Nd2 b5 14. Ne4 Nd7 15. a4 Qc7 16. Qd2 a6 17. Ba5 Qc8 18. Rac1 c5 19. b3 Bd5 20. bxc4 bxc4 21. Nc3 Bxg2 22. Kxg2 cxd4 23. Qxd4 Qc6+ 24. f3 Rab8 25. Ne4 Rfc8 26. Red1 Nc5 27. Qxc4 Qxa4 28. Qxa4 Nxa4 29. Rxc8+ Rxc8 30. Rd7 Kf8 31. Nd6 Ra8 32. Bb4 a5 33. Ba3 Nc3 34. Rxe7 Kxe7 35. Ne4+ Kd7 36. Nxc3 Rb8 37. Ne4 Kc6 38. Ng5 Rb3 39. Bf8 a4 40. Nxf7 a3 41. Bxa3 Rxa3 42. Ng5 Kd5 43. f4 h6 44. Nf3 Ke4 45. Nd2+ Kd3 46. Nf3 Ke3 47. Nh4 g5 48. fxg5 hxg5 49. Ng6 g4 50. Nf4 Ra2+ 51. Kf1 Kf3 52. Ke1 Rxh2 53. Nxe6 Re2+ 54. Kf1 Rxe5 0-1


[Site "https://www.chess.com"]

[Event "Titled Tuesday Blitz July 6 2021"]
[White "Janaszak, Dawid"]
[Black "Nguyen, Quoc Hy"]
[WhiteFideId "1119206"]
[BlackFideId "12410853"]
[WhiteElo "2332"]
[BlackElo "1975"]
[Result "1/2-1/2"]
[Round "08"]
[TimeControl "180+1"]
[Date "2021.07.06"]
[WhiteClock "0:00:04"]
[BlackClock "0:00:09"]

1. d4 d5 2. Nf3 Nf6 3. Bf4 Bf5 4. c4 e6 5. Nc3 c6 6. Qb3 Qb6 7. c5 Qxb3 8. axb3 Na6 9. Ra4 Bc2 10. Nd2 Nh5 11. g3 Nxf4 12. gxf4 Nc7 13. e3 Be7 14. Rg1 O-O 15. Be2 b6 16. cxb6 axb6 17. Bd1 Bd3 18. Be2 Bc2 19. Bd1 Bg6 20. Nf3 f6 21. Kd2 c5 22. Bc2 Bh5 23. Rg3 b5 24. Rxa8 Rxa8 25. dxc5 Bxc5 26. Rh3 Bxf3 27. Rxf3 d4 28. Ne4 dxe3+ 29. fxe3 Bb4+ 30. Kc1 Nd5 31. Bd1 f5 32. Ng5 Re8 33. e4 Nf6 34. e5 Nd5 35. Nh3 h6 36. Rd3 Rc8+ 37. Kb1 Bc5 38. Bf3 Nb4 39. Rc3 Rc7 40. Be2 Nd5 41. Rc1 b4 42. Bc4 Be3 43. Rd1 Nxf4 44. Nxf4 Bxf4 45. Bxe6+ Kf8 46. Bxf5 Bxe5 47. Bd3 Bxh2 48. Bc4 Be5 49. Rd8+ Ke7 50. Rd5 Bf6 51. Rb5 g5 52. Rxb4 Be5 53. Rb6 Bd6 54. Rb5 Kf6 55. Rb6 Ke7 56. Rb5 Rc5 57. Rb7+ Kf6 58. Rh7 Bf8 59. Rf7+ Kg6 60. Rxf8 g4 61. Rg8+ Kh5 62. Be2 Rg5 63. Rxg5+ Kxg5 64. b4 h5 65. b5 g3 66. Bf3 h4 67. b6 h3 68. b7 g2 69. b8=Q g1=Q+ 70. Ka2 h2 71. Qg8+ Kf4 72. Qf7+ Ke3 73. Qd5 Qf2 74. Qc5+ Kxf3 75. Qf5+ Kg2 76. Qg4+ Qg3 77. Qe2+ Kh3 78. Qh5+ Kg2 79. Qe2+ Qf2 80. Qg4+ Kf1 81. Qd1+ Qe1 82. Qf3+ Kg1 83. Qg4+ Kf1 84. Qf3+ Qf2 85. Qd1+ Kg2 86. Qg4+ 1/2-1/2


[Site "https://www.chess.com"]

[Event "Titled Tuesday Blitz July 6 2021"]
[White "Juhasz, Agoston"]
[Black "Ortiz Verdezoto, Anahi"]
[WhiteFideId "778346"]
[BlackFideId "3614581"]
[WhiteElo "2211"]
[BlackElo "1755"]
[Result "1/2-1/2"]
[Round "08"]
[TimeControl "180+1"]
[Date "2021.07.06"]
[WhiteClock "0:00:06"]
[BlackClock "0:00:32"]

1. b3 e5 2. Bb2 Nc6 3. e3 d5 4. Bb5 Bd6 5. Nf3 f6 6. c4 Ne7 7. Nc3 Be6 8. d4 exd4 9. Nxd4 Bd7 10. Nxd5 Nxd5 11. Qh5+ Kf8 12. Qxd5 Nxd4 13. Qxd4 Bb4+ 14. Ke2 c6 15. c5 a5 16. Qd6+ Qe7 17. Qxe7+ Kxe7 18. Bc4 Bxc5 19. Rhd1 Rhd8 20. h3 b5 21. Bd3 a4 22. f4 Be6 23. Bc2 axb3 24. Rxd8 Kxd8 25. Bxb3 Ke7 26. Rc1 Ba3 27. Bxa3+ Rxa3 28. Bxe6 Kxe6 29. Rxc6+ Kf5 30. Rc5+ Ke4 31. Rxb5 Rxa2+ 32. Kf1 Kxe3 33. Rb3+ Kxf4 34. Kg1 f5 35. Rb4+ Kg5 36. Kh2 g6 37. Rb5 h5 38. Rb3 Rc2 39. Rb4 h4 40. Rb3 Rd2 41. Rc3 Rd4 42. Ra3 Kf4 43. Rb3 g5 44. Rf3+ Ke4 45. Rf1 g4 46. Re1+ Kf4 47. Rf1+ Kg5 48. hxg4 fxg4 49. Ra1 Rc4 50. Ra8 Rc6 51. Rg8+ Rg6 52. Ra8 Kh5 53. Ra5+ Rg5 54. Ra4 Re5 55. Ra8 Kg5 56. Rg8+ Kf4 57. Rf8+ Ke3 58. Rg8 Re4 59. Rh8 g3+ 60. Kh3 Kf2 61. Ra8 Re2 62. Ra3 Re1 63. Ra2+ Re2 64. Ra1 Re4 65. Ra2+ Ke1 66. Ra1+ Kd2 67. Ra2+ Ke3 68. Ra3+ Kf2 69. Ra2+ Re2 70. Ra4 Kg1 71. Rxh4 Rxg2 72. Rg4 Kf2 73. Rf4+ Kg1 74. Rf3 Rh2+ 75. Kxg3 Rg2+ 76. Kf4 Rf2 77. Rxf2 Kxf2 1/2-1/2


[Site "https://www.chess.com"]

[Event "Titled Tuesday Blitz July 6 2021"]
[White "Kalajzic, Ivan"]
[Black "Nguyen Hong Nhung"]
[WhiteFideId "14506378"]
[BlackFideId "12412201"]
[WhiteElo "2163"]
[BlackElo "1661"]
[Result "1/2-1/2"]
[Round "08"]
[TimeControl "180+1"]
[Date "2021.07.06"]
[WhiteClock "0:00:44"]
[BlackClock "0:00:47"]

1. d4 Nf6 2. Nc3 c5 3. d5 d6 4. e4 g6 5. Be2 Bg7 6. Nf3 O-O 7. O-O a6 8. a4 e6 9. Nd2 exd5 10. exd5 Re8 11. Nc4 Ne4 12. Nxe4 Rxe4 13. c3 Re8 14. Bf3 Bf5 15. Bf4 Bf8 16. a5 Be4 17. Re1 Bxf3 18. Qxf3 Nd7 19. Rxe8 Qxe8 20. Bxd6 Rd8 21. Bxf8 Qxf8 22. Rd1 Qe7 23. Qe3 Qh4 24. b3 Nf6 25. g3 Qg4 26. f3 Qf5 27. Qd3 Rxd5 28. Qf1 Qc2 29. Rxd5 Nxd5 30. Qe1 Nxc3 31. Qe8+ Kg7 32. Qe5+ Kg8 33. Qe8+ Kg7 34. Qe5+ Kh6 35. Qf4+ Kg7 36. Qe5+ 1/2-1/2


[Site "https://www.chess.com"]